 Dungeon Crawl Stone Soup version 0.30-a0-652-gcc886f7154 (webtiles) character file.

Game seed: 6156367486768581539

249 OTABOTABOTAB the Shooter (level 6, -7/38 HPs)
             Began as a Kobold Hunter on Jan 18, 2023.
             Shot with a bolt by a gnoll (15 damage)
             ... on level 3 of the Dungeon.
             The game lasted 00:03:05 (2361 turns).

OTABOTABOTAB the Shooter (Kobold Hunter)            Turns: 2361, Time: 00:03:06

Health: -7/38      AC:  4    Str:  8    XL:     6   Next: 35%
Magic:  6/6        EV: 16    Int: 10    God:
Gold:   89         SH:  0    Dex: 21    Spells: 5/5 levels left

rFire   . . .      SeeInvis .    a - +0 shortbow
rCold   . . .      Faith    .    (shield currently unavailable)
rNeg    . . .      Spirit   .    c - +0 leather armour
rPois   .          Reflect  .    (no helmet)
rElec   .          Harm     .    j - +0 cloak
rCorr   +          Rampage  .    (no gloves)
Will    .....                    (no boots)
Stlth   +++                      (no amulet)
HPRegen 0.26/turn                Z - ring of wizardry {Wiz+, !d}
MPRegen 0.10/turn                X - ring of resist corrosion

@: no status effects
A: small, no large weapons, nightstalker 3
a: no special abilities


You were on level 3 of the Dungeon.
You visited 1 branch of the dungeon, and saw 3 of its levels.

You collected 89 gold pieces.

Inventory:

Hand Weapons
 a - a +0 shortbow (weapon)
Missiles
 l - 3 boomerangs
 s - 30 stones
Armour
 c - a +0 leather armour (worn)
 j - a +0 cloak (worn)
   (You took it off Crazy Yiuf on level 2 of the Dungeon)
Magical Staves
 f - a staff of cold {rC+}
   (You found it on level 1 of the Dungeon)
Jewellery
 X - a ring of resist corrosion (right hand)
   (You found it on level 1 of the Dungeon)
 Z - a ring of wizardry (left hand) {Wiz+, !d}
   (You found it on level 1 of the Dungeon)
Wands
 q - a wand of flame (21)
   (You took it off Ijyb on level 3 of the Dungeon)
Scrolls
 b - 2 scrolls of enchant armour {unknown}
 e - 2 scrolls of identify {unknown}
 i - a scroll of teleportation {unknown}
 o - 3 scrolls of silence {unknown}
 K - 2 scrolls of immolation {!r}
Potions
 d - a potion of heal wounds {unknown}
 g - 2 potions of cancellation {unknown}
 h - 2 potions of lignification {unknown}
 k - 2 potions of flight {unknown}
 m - a potion of curing {unknown}
 n - a potion of resistance {unknown}


   Skills:
 + Level 3.8 Fighting
 * Level 7.7 Ranged Weapons
 + Level 4.2 Dodging
 - Level 1.3 Stealth


You had 5 spell levels left.
You didn't know any spells.
Your spell library contained the following spells:

 Spells                   Type           Power      Damage    Failure   Level
 Call Canine Familiar     Summ           0%         N/A       52%         3
 Frozen Ramparts          Ice            0%         1d1       52%         3
 Portal Projectile        Hex/Tloc       0%         N/A       52%         3
 Ice Form                 Ice/Tmut       0%         N/A       89%         4
 Leda's Liquefaction      Hex/Erth       0%         N/A       89%         4
 Summon Ice Beast         Ice/Summ       0%         N/A       89%         4


Dungeon Overview and Level Annotations

Branches:
Dungeon (3/15)

Altars:
Sif Muna


Innate Abilities, Weirdness & Mutations

You are small and have problems with some larger weapons.
You are completely attuned to the shadows.


Message History

Found a shimmering blue altar of Sif Muna.
Health restored: 38 A frilled lizard comes into view.
A frilled lizard is nearby!
You shoot an arrow.
The arrow hits the frilled lizard but does no damage.
You hear a shout! x2
A hobgoblin comes into view.
You shoot an arrow.
The arrow closely misses the frilled lizard.
A quokka comes into view.
An orc comes into view. It is wielding a +2 mace of protection.
A gnoll comes into view. It is wielding a +0 spear.
The frilled lizard barely misses you.
You shoot an arrow. The arrow hits the frilled lizard.
You kill the frilled lizard!
You hear a shout!
The orc throws a boomerang.
The boomerang closely misses you.
You shoot an arrow. The arrow hits the hobgoblin.
The gnoll hits you from afar with a +0 spear.
The hobgoblin closely misses you.
You take 6 damage, and have 32/38 hp.
You shoot an arrow.
The arrow hits the hobgoblin but does no damage.
You hear a shout!
The quokka completely misses you.
The gnoll hits you from afar with a +0 spear.
The hobgoblin hits you but does no damage.
A gnoll comes into view. It is wielding a +0 arbalest.
The quokka bites you but does no damage.
You take 2 damage, and have 30/38 hp.
You shoot an arrow. The arrow barely misses the hobgoblin.
The gnoll completely misses you. The quokka misses you.
The hobgoblin closely misses you. The orc completely misses you.
The hobgoblin attacks as you move away! The hobgoblin hits you.
The quokka attacks as you move away! The quokka closely misses you.
You take 2 damage, and have 29/38 hp.
A gnoll comes into view. It is wielding a +0 halberd.
The hobgoblin barely misses you. The quokka barely misses you.
The hobgoblin attacks as you move away! The hobgoblin completely misses you.
The hobgoblin attacks as you move away! The hobgoblin closely misses you.
The quokka attacks as you move away! The quokka bites you.
You take 2 damage, and have 28/38 hp.
You shoot an arrow.
The arrow hits the quokka but does no damage.
The quokka bites you. The quokka barely misses you.
You take 3 damage, and have 25/38 hp.
You shoot an arrow. The arrow closely misses the quokka.
The arrow barely misses the hobgoblin.
The quokka misses you.
You shoot an arrow. The arrow hits the quokka.
The quokka bites you but does no damage.
The quokka misses you.
You shoot an arrow. The arrow hits the quokka!
You kill the quokka!
You shoot an arrow. The arrow hits the hobgoblin.
You kill the hobgoblin!
The gnoll drinks a potion.
The gnoll seems to grow stronger.
You shoot an arrow. The arrow hits the orc.
You kill the orc!
A gnoll comes into view. It is wielding a +0 whip.
The gnoll shoots a bolt.
The bolt completely misses you. The gnoll misses you.
You shoot an arrow. The arrow closely misses the gnoll.
The arrow hits the gnoll.
The gnoll hits you from afar with a +0 spear.
The gnoll closely misses you.
The gnoll hits you from afar with a +0 spear.
The gnoll barely misses you.
You take 10 damage, and have 17/38 hp.
MASSIVE DAMAGE!!
Fire: a) +0 shortbow
Aim: a gnoll, wielding a +0 spear (69% to hit)
You shoot an arrow. The arrow hits the gnoll.
The gnoll hits you from afar with a +0 halberd!
You take 7 damage, and have 12/38 hp.
Fire: a) +0 shortbow
Aim: a gnoll, wielding a +0 spear (69% to hit)
You shoot an arrow. The arrow hits the gnoll!
You kill the gnoll!
Fire: a) +0 shortbow
Aim: a gnoll, wielding a +0 spear (69% to hit)
You shoot an arrow. The arrow hits the gnoll!
The gnoll hits you from afar with a +0 spear.
* * * LOW HITPOINT WARNING * * *
You take 3 damage, and have 9/38 hp.
Fire: a) +0 shortbow
Aim: a gnoll, wielding a +0 spear (severely wounded, 69% to hit)
You shoot an arrow. The arrow hits the gnoll.
The gnoll hits you from afar with a +0 spear.
* * * LOW HITPOINT WARNING * * *
You take 3 damage, and have 6/38 hp.
Unknown command.
Fire: a) +0 shortbow
Aim: a gnoll, wielding a +0 spear (severely wounded, 69% to hit)
You shoot an arrow. The arrow hits the gnoll.
You kill the gnoll!
The gnoll shoots a bolt.
The bolt completely misses you.
The gnoll shoots a bolt.
The bolt completely misses you.
The gnoll shoots a bolt.
The bolt hits you!
You die...

##.##.####..........###.##
#.....##...####.........#
####.....#......#########
#.###...###### #.# ##..#
#.# ##<# #. #.# #.# #@#
#.# #.# #)# #g# #g# #.#
#.# ####)##


You could see a gnoll.

Vanquished Creatures
  Crazy Yiuf (D:2)
  Ijyb (D:3)
  Natasha (thrice) (D:2)
  An orc wizard (D:2)
  2 gnolls (D:3)
  2 adders
  A worm (D:2)
  A dart slug (D:1)
  5 orcs
  5 ball pythons
  4 endoplasms
  3 giant cockroaches
  4 goblins
  4 hobgoblins
  6 jackals
  3 kobolds
  4 quokkas
  A bat (D:1)
  A frilled lizard (D:3)
  2 rats (D:1)
54 creatures vanquished.

Notes
Turn   | Place    | Note
-------+----------+-------------------------------------------
     0 | D:1      | OTABOTABOTAB the Kobold Hunter began the quest for the Orb.
     0 | D:1      | Reached XP level 1. HP: 12/12 MP: 1/1
    87 | D:1      | Reached XP level 2. HP: 18/18 MP: 2/2
   409 | D:1      | Reached XP level 3. HP: 22/22 MP: 3/3
   533 | D:1      | Reached skill level 6 in Ranged Weapons
   564 | D:1      | Reached skill level 3 in Dodging
   875 | D:2      | Found a faded altar of an unknown god.
  1138 | D:2      | Noticed Natasha
  1140 | D:2      | Killed Natasha
  1141 | D:2      | Reached skill level 3 in Fighting
  1141 | D:2      | Reached XP level 4. HP: 28/28 MP: 4/4
  1186 | D:2      | Noticed Natasha
  1190 | D:2      | Killed Natasha
  1285 | D:2      | Found a runed translucent door.
  1288 | D:2      | Noticed Crazy Yiuf
  1295 | D:2      | Killed Crazy Yiuf
  1296 | D:2      | Reached XP level 5. HP: 32/32 MP: 5/5
  1409 | D:2      | Reached skill level 7 in Ranged Weapons
  1720 | D:2      | Noticed Natasha
  1724 | D:2      | Killed Natasha
  1725 | D:2      | Reached skill level 4 in Dodging
  2038 | D:3      | Reached XP level 6. HP: 37/37 MP: 6/6
  2162 | D:3      | Noticed Ijyb
  2173 | D:3      | Killed Ijyb
  2325 | D:3      | Found a shimmering blue altar of Sif Muna.
  2353 | D:3      | HP: 9/38 [gnoll/+0 spear (3)]
  2361 | D:3      | Shot with a bolt by a gnoll

Illustrated notes

Levels and vault maps discovered:
D:1:      spicycebolla_arrival_xxxplode, layout_loops_ring
D:2:      layout_basic, nicolae_ecumenical_pavilion, solitary_fountain,
          uniq_crazy_yiuf_cottage, uniq_natasha
D:3:      layout_loops_ring, mainiacjoe_overflow_alcove_2,
          mainiacjoe_overflow_cross_hatched, minmay_lizard_king, uniq_ijyb

Skill      XL: |  1  2  3  4  5 |
---------------+----------------+-----
Ranged Weapons | 6 7 |  7.7
Dodging        | 3 4 |  4.2
Fighting       | 3 |  3.8
Stealth        | |  1.3

Action                   |  1- 3 |  4- 6 || total
-------------------------+-------+-------++-------
 Fire: Shortbow          |    60 |   103 ||   163
Armor: Leather armour    |     6 |    11 ||    17
Dodge: Dodged            |    26 |    64 ||    90

Table legend: (Time is in decaauts)
 A = Elapsed time spent in this place.
 B = Non-inter-level travel time spent in this place.
 C = Inter-level travel time spent in this place.
 D = Time resting spent in this place.
 E = Time spent auto-exploring this place.
 F = Levels seen in this place.
 G = Mean time per level.
                   A        B        C        D        E       F      G
               +--------+--------+--------+--------+--------+-----+--------+
         Total |   2395 |   2337 |     58 |      0 |   2037 |   3 |  798.3 |
       Dungeon |   2395 |   2337 |     58 |      0 |   2037 |   3 |  798.3 |
               +--------+--------+--------+--------+--------+-----+--------+

Top non-repeatable levels by time:
     D:2: 1097 daAuts
     D:1: 886 daAuts
     D:3: 411 daAuts

Table legend:
 A = Kills in this place as a percentage of kills in entire the game.
 B = Kills by you in this place as a percentage of kills by you in the entire game.
 C = Kills by friends in this place as a percentage of kills by friends in the entire game.
 D = Other kills in this place as a percentage of other kills in the entire game.
 E = Experience gained in this place as a percentage of experience gained in the entire game.
 F = Experience gained in this place divided by the number of levels of this place that you have seen.
                   A       B       C       D       E      F
               +-------+-------+-------+-------+-------+----------------------
         Total | 100.0 | 100.0 |   N/A |   N/A | 100.0 | 119.0
       Dungeon | 100.0 | 100.0 |   N/A |   N/A | 100.0 | 119.0
               +-------+-------+-------+-------+-------+----------------------
